 Dungeon Crawl Stone Soup version 0.29-a0-284-gf9362112df (webtiles) character file.

Game seed: 6699451464820948427

62 Hubjo the Skirmisher (level 3, 0/30 HPs)
             Began as a Demonspawn Monk on Mar 29, 2022.
             Was a Priest of Cheibriados.
             Slain by a gnoll
             ... wielding a +0 flail
              (8 damage)
             ... on level 3 of the Dungeon.
             The game lasted 00:02:22 (1850 turns).

Hubjo the Skirmisher (Demonspawn Monk)              Turns: 1850, Time: 00:02:22

Health: 0/30       AC:  4    Str: 17    XL:     3   Next: 85%
Magic:  4/4        EV: 13    Int: 17    God:    Cheibriados [***...]
Gold:   74         SH:  4    Dex: 23    Spells: 4/4 levels left

rFire   . . .      SeeInvis .   a - +0 short sword
rCold   . . .      Faith    .   (no shield)
rNeg    . . .      Spirit   .   b - +0 robe
rPois   .          Reflect  .   (no helmet)
rElec   .          Harm     .   (no cloak)
rCorr   .          Rampage  .   (no gloves)
Will    .....                   (no boots)
Stlth   +++.......              (no amulet)
HPRegen 0.10/turn               (no ring)
MPRegen 0.09/turn               (no ring)

@: very slow
A: molten scales 1, condensation shield
a: Renounce Religion, Bend Time, Temporal Distortion


You were on level 3 of the Dungeon.
You worshipped Cheibriados.
Cheibriados was most pleased with you.
You visited 1 branch of the dungeon, and saw 3 of its levels.

You collected 74 gold pieces.

Inventory:

Hand Weapons
 a - a +0 short sword (weapon)
Armour
 b - a +0 robe (worn)
Jewellery
 h - a ring of resist corrosion
 m - a ring of positive energy
Wands
 d - a wand of flame (9)
 s - a wand of charming (6)
Scrolls
 e - a scroll of silence {unknown}
 i - 3 scrolls of fear {unknown}
 o - a scroll of amnesia {unknown}
 q - a scroll of blinking {unknown}
Potions
 c - a potion of ambrosia
 f - a potion of berserk rage {unknown}
 g - a potion of curing {unknown}
 j - a potion of mutation {unknown}
 k - a potion of might {unknown}
 l - 2 potions of haste {unknown}
 n - a potion of cancellation {unknown}
 p - a potion of brilliance {unknown}
 r - a potion of degeneration {unknown}


   Skills:
 * Level 3.8 Fighting
 - Level 2.6 Short Blades
 - Level 2.6 Dodging
 * Level 2.9 Stealth
 + Level 1.1 Spellcasting


You had 4 spell levels left.
You didn't know any spells.
Your spell library was empty.

Dungeon Overview and Level Annotations

Branches:
Dungeon (3/15)

Altars:
Cheibriados


Innate Abilities, Weirdness & Mutations

You are partially covered in molten scales. (AC +2)
A meltable shield of frost defends you. (SH +4)


Message History

You hit the quokka.
You kill the quokka!
Cheibriados thoroughly appreciates the change of pace.
You hear a shout!
The bat hits you but does no damage. You block the gnoll's attack.
You hit the gnoll.
The gnoll is lightly wounded.
You block the bat's attack. The bat closely misses you.
A gnoll comes into view. It is wielding a +0 whip.
The gnoll barely misses you.
You hit the gnoll.
The gnoll is heavily wounded.
The bat hits you. The bat closely misses you.
The gnoll hits you from afar with a +0 spear.
You hit the gnoll.
The gnoll is severely wounded.
The bat closely misses you. The bat hits you. You block the bat's attack.
The gnoll completely misses you.
The gnoll hits you from afar with a +0 spear.
You hit the gnoll.
You kill the gnoll!
Cheibriados appreciates the change of pace.
The bat hits you but does no damage. The bat completely misses you.
The gnoll hits you from afar with a +0 spear!
* * * LOW HITPOINT WARNING * * *
You are too injured to fight recklessly!
You are too injured to fight recklessly!
The gnoll attacks as you move away! The gnoll completely misses you.
The bat hits you but does no damage. The gnoll hits you but does no damage.
A gnoll comes into view. It is wielding a +0 flail.
You block the gnoll's attack.
Aiming: Charm
Press: ? - help, Shift-Dir - straight line, f - gnoll
Aim: a gnoll, wielding a +0 flail (lightly wounded, chance to affect: 57%)
The gnoll resists with significant effort.
The gnoll shouts!
The gnoll hits you from afar with a +0 spear.
* * * LOW HITPOINT WARNING * * *
The gnoll hits you with a +0 flail!
You die...

####.....######
#.......## ##..
####........###...
............##....
####..).....##.... #
#...........##.... ...
...##........##....
##...######..............
....glgg@................
....SSb#########.#..##...
......K #....###..
......J ###...####
#.....# ..#.. ......
..###. ..<..$ ..# ......
###


You could see 3 gnolls, a bat, 2 ball pythons and a frilled lizard.

Vanquished Creatures
  A gnoll (D:3)
  A dart slug (D:3)
  2 bats (D:1)
  3 endoplasms (D:1)
  6 goblins
  6 hobgoblins
  3 jackals (D:1)
  3 quokkas
  10 ball pythons
  2 frilled lizards (D:1)
  4 kobolds
  5 rats (D:1)
46 creatures vanquished.

Notes
Turn   | Place    | Note
-------+----------+-------------------------------------------
     0 | D:1      | Hubjo the Demonspawn Monk began the quest for the Orb.
     0 | D:1      | Reached XP level 1. HP: 18/18 MP: 1/1
   188 | D:1      | Gained mutation: A meltable shield of frost defends you.
                  | (SH +4) [demonic ancestry]
   188 | D:1      | Reached XP level 2. HP: 24/24 MP: 2/2
   894 | D:1      | Gained mutation: You are partially covered in molten
                  | scales. (AC +2) [demonic ancestry]
   894 | D:1      | Reached XP level 3. HP: 29/29 MP: 4/4
  1183 | D:1      | Reached skill level 1 in Spellcasting
  1729 | D:2      | Found a faded altar of an unknown god.
  1729 | D:2      | Noticed a smoke demon
  1740 | D:2      | Prayed at the altar of an unknown god.
  1740 | D:2      | Became a worshipper of Cheibriados the Contemplative
  1740 | D:2      | Reached * piety under Cheibriados
  1740 | D:2      | Reached ** piety under Cheibriados
  1814 | D:3      | Reached *** piety under Cheibriados
  1850 | D:3      | Slain by a gnoll

Illustrated notes

Levels and vault maps discovered:
D:1:      wander_arrival_estate, layout_basic, minivault_11, chequers_arboretum,
          dk_noncrumbling_2, minmay_split_cup_small
D:2:      layout_basic, dreamdust_ecumenical_altar_sealed_demon
D:3:      layout_rooms, regret_index_temple_of_mockery

Skill      XL: |  1  2  3 |
---------------+----------+-----
Stealth        | 2 |  2.9
Spellcasting   | 1 |  1.1
Fighting       | |  3.8
Short Blades   | |  2.6
Dodging        | |  2.6

Action                   || total
-------------------------++-------
Melee: Short sword       ||   104
       Punch             ||     1
Evoke: Wand              ||     1
 Stab: Sleeping          ||    15
Armor: Robe              ||    20
Dodge: Dodged            ||    71
Block: Other             ||    10

Table legend: (Time is in decaauts)
 A = Elapsed time spent in this place.
 B = Non-inter-level travel time spent in this place.
 C = Inter-level travel time spent in this place.
 D = Time resting spent in this place.
 E = Time spent auto-exploring this place.
 F = Levels seen in this place.
 G = Mean time per level.
                   A        B        C        D        E       F      G
               +--------+--------+--------+--------+--------+-----+--------+
         Total |   1894 |   1894 |      0 |      0 |   1548 |   3 |  631.3 |
       Dungeon |   1894 |   1894 |      0 |      0 |   1548 |   3 |  631.3 |
               +--------+--------+--------+--------+--------+-----+--------+

Top non-repeatable levels by time:
     D:1: 1351 daAuts
     D:2: 436 daAuts
     D:3: 105 daAuts
